 Dungeon Crawl Stone Soup version 0.25-a0-663-gace7076f2c (webtiles) character file.

Game seed: 17768861842604158305, levelgen mode: deterministic

32 kae the Insei (level 3, -2/26 HPs)
             Began as a Demonspawn Transmuter on Mar 24, 2020.
             Slain by a worm (10 damage)
             ... on level 2 of the Dungeon.
             The game lasted 00:01:00 (687 turns).

kae the Insei (Demonspawn Transmuter)                Turns: 687, Time: 00:01:00

Health: -2/26      AC:  2    Str: 10    XL:     3   Next: 8%
Magic:  6/6        EV: 12    Int: 15    God:
Gold:   42         SH:  0    Dex: 13    Spells: 3/6 levels left

rFire    . . .     SeeInvis .     - Unarmed
rCold    . . .     Gourm    .   (no shield)
rNeg     . . .     Faith    .   b - +0 robe
rPois    .         Spirit   .   (no helmet)
rElec    .         Reflect  .   (no cloak)
rCorr    .         Harm     .   (no gloves)
MR       .....                  (no boots)
Stlth    +.........             (no amulet)
HPRegen  0.08/turn              (no ring)
MPRegen  0.10/turn              (no ring)

@: no status effects
A: hooves 1
a: no special abilities


You were on level 2 of the Dungeon.
You were not hungry.

You visited 1 branch of the dungeon, and saw 2 of its levels.

You collected 42 gold pieces.

Inventory:

Missiles
 a - 73 arrows
Armour
 b - a +0 robe (worn)
Jewellery
 j - an uncursed ring of fire
Scrolls
 e - a scroll of remove curse {unknown}
 g - 2 scrolls of fog {unknown}
 h - 2 scrolls of identify {unknown}
 i - a scroll of immolation {unknown}
 m - a scroll of enchant weapon {unknown}
Potions
 c - 2 potions of degeneration {unknown}
 f - a potion of heal wounds {unknown}
 l - a potion of curing {unknown}
Comestibles
 d - 2 rations
 k - 2 chunks of flesh


   Skills:
 - Level 1.0 Fighting
 - Level 1.7 Dodging
 * Level 3.3 Unarmed Combat
 + Level 2.3 Spellcasting
 + Level 2.2 Transmutations


You had 3 spell levels left.
You knew the following spells:

 Your Spells              Type           Power        Failure   Level  Hunger
a - Beastly Appendage     Tmut           #.....       9%          1    #......
b - Sticks to Snakes      Tmut           #.......     13%         2    ###....

Your spell library contained the following spells:

 Spells                   Type           Power        Failure   Level  Hunger
 Spider Form              Tmut/Pois      #.........   38%         3    ###....
 Ice Form                 Ice/Tmut       #.......     80%         4    #####..
 Blade Hands              Tmut           #.........   94%         5    ######.


Dungeon Overview and Level Annotations

Branches:
Dungeon (2/15)

Altars:


Innate Abilities, Weirdness & Mutations

You have large cloven feet.


Message History

You are too injured to fight recklessly!
You are too injured to fight recklessly!
You are too injured to fight recklessly!
You hit the worm.
The worm is heavily wounded.
You barely miss the worm. Your kick misses the worm.
The worm is heavily wounded.
The worm closely misses you.
You hit the worm.
The worm is heavily wounded.
You barely miss the worm.
The worm is heavily wounded.
The worm bites you.
You hit the worm. You kick the worm. You headbutt the worm.
The worm is almost dead.
Your horns disappear.
You barely miss the worm.
The worm is almost dead.
The worm bites you!
You die...

#.. #..# # ##....
.## ......#####..
.
##....#....####.#
.................#
......w..........
..# #@.#....# .
###.## #.......#
..
#[...#####..##.#
...#....#.....>#
#......#.###...#
##....#.# .#.##
+#############.# .
.#
...............##.
.#
.........########.
.#


You could see a worm.

Vanquished Creatures
  3 dart slugs (D:1)
  A leopard gecko (D:1)
  A ball python (D:1)
  3 bats (D:1)
  A goblin (D:1)
  2 hobgoblins
  2 jackals (D:1)
  3 kobolds (D:1)
  2 frilled lizards (D:1)
  6 rats (D:1)
24 creatures vanquished.

Notes
Turn   | Place    | Note
-------+----------+-------------------------------------------
     0 | D:1      | kae the Demonspawn Transmuter began the quest for the Orb.
     0 | D:1      | Reached XP level 1. HP: 15/15 MP: 3/3
   192 | D:1      | Reached skill level 3 in Unarmed Combat
   192 | D:1      | Gained mutation: You have large cloven feet. [demonic
                  | ancestry]
   192 | D:1      | Reached XP level 2. HP: 17/21 MP: 5/5
   523 | D:1      | Reached XP level 3. HP: 25/26 MP: 4/6
   533 | D:1      | Learned a level 2 spell: Sticks to Snakes
   687 | D:2      | Slain by a worm

Levels and vault maps discovered:
D:1:      saegor_arrival_under_anarchy, layout_basic, minmay_pentomino_u2
D:2:      layout_basic, serial_co_window_serial, co_window_paths_a,
          co_window_paths_b, co_window_corner_a, co_window_of_opportunity_a,
          co_window_paths_a, co_window_corner_a, co_window_paths_b,
          co_window_of_opportunity_c, co_window_corner_cb, co_window_broadway_c,
          co_window_corner_b, co_window_broadway_c, co_window_corner_b,
          co_window_corner_b, glass_columns_c, glass_columns_b,
          minmay_lizard_king

Skill      XL: |  1 |
---------------+----+-----
Unarmed Combat | 3 |  3.3
Transmutations | 2 |  2.2
Fighting       | |  1.0
Dodging        | |  1.7
Spellcasting   | |  2.3

Action                   || total
-------------------------++-------
Melee: Unarmed           ||    83
       Kick              ||    16
       Headbutt          ||     7
 Cast: Beastly Appendage ||    13
Armor: Robe              ||    15
Dodge: Dodged            ||    40

Table legend:
 A = Non-vault XP
 B = Vault XP
 C = Vault XP percentage of total XP
 D = Non-vault monster count
 E = Vault monster count
 F = Vault count percentage of total count
                 A         B        C        D         E       F
            +---------+---------+-------+---------+---------+-------
      Total |      45 |       1 |   2.2 |      23 |       1 |   4.2
            +---------+---------+-------+---------+---------+-------
        D:1 |      43 |       1 |   2.3 |      22 |       1 |   4.3
        D:2 |       2 |       0 |   0.0 |       1 |       0 |   0.0
            +---------+---------+-------+---------+---------+-------
